 Dungeon Crawl Stone Soup version 0.27.0-1-g7a089689b8 (webtiles) character file.

Game seed: 15207080348740105115

187 horus123 the Chopper (level 5, 0/41 HPs)
             Began as a Demonspawn Abyssal Knight on Aug 15, 2021.
             Was a Believer of Lugonu.
             Slain by an adder (1 damage)
             ... on level 4 of the Dungeon.
             The game lasted 00:05:32 (3865 turns).

horus123 the Chopper (Demonspawn Abyssal Knight)    Turns: 3865, Time: 00:05:33

Health: 0/41       AC:  5    Str: 19    XL:     5   Next: 39%
Magic:  7/7        EV: 11    Int: 14    God:    Lugonu [**....]
Gold:   155        SH:  0    Dex: 12    Spells: 4/4 levels left

rFire    . . .     SeeInvis .   a - +2 hand axe
rCold    . . .     Faith    +   (no shield)
rNeg     . . .     Spirit   .   b - +0 leather armour
rPois    .         Reflect  .   (no helmet)
rElec    .         Harm     .   (no cloak)
rCorr    .         Rampage  .   l - +1 pair of gloves
Will     .....                  (no boots)
Stlth    +.........             f - amulet of faith
HPRegen  0.13/turn              i - +6 ring of strength
MPRegen  0.10/turn              (no ring)

@: lethally poisoned (0 -> -3)
A: claws 1
a: Renounce Religion, Depart the Abyss, Bend Space


You were on level 4 of the Dungeon.
You worshipped Lugonu.
Lugonu was pleased with you.
You visited 1 branch of the dungeon, and saw 4 of its levels.
You visited the Abyss 1 time.

You collected 155 gold pieces.

Inventory:

Hand Weapons
 a - a +2 hand axe (weapon)
Missiles
 d - 12 boomerangs
Armour
 b - a +0 leather armour (worn)
 l - a +1 pair of gloves (worn)
Jewellery
 f - an amulet of faith (around neck)
 i - a +6 ring of strength (left hand)
 k - a ring of resist corrosion
Wands
 n - a wand of charming (8)
Scrolls
 c - 3 scrolls of teleportation
 o - a scroll of fog
 p - a scroll of amnesia
 q - a scroll of identify
Potions
 e - a potion of invisibility {unknown}
 g - a potion of magic {unknown}
 h - a potion of brilliance {unknown}
 j - a potion of curing
 m - a potion of berserk rage {unknown}


   Skills:
 + Level 3.6 Fighting
 * Level 3.8 Axes
 + Level 2.3 Armour
 + Level 1.5 Dodging
 + Level 0.1 Stealth
 * Level 3.5 Invocations


You had 4 spell levels left.
You didn't know any spells.
Your spell library contained the following spells:

 Spells                   Type           Power      Damage    Failure   Level
 Blink                    Tloc           N/A        N/A       45%         2
 Sublimation of Blood     Necr           0%         N/A       45%         2
 Wereblood                Tmut           0%         N/A       45%         2
 Lesser Beckoning         Tloc           0%         N/A       71%         3
 Manifold Assault         Tloc           0%         N/A       100%        5
 Summon Hydra             Summ           0%         N/A       100%        7


Dungeon Overview and Level Annotations

Branches:
Dungeon (4/15)
 Temple: D:4-7

Altars:

Shops:
D:3 (

Annotations:
D:3 1 runed translucent door, vvl's ghost, amateur DrTm


Innate Abilities, Weirdness & Mutations

You have sharp fingernails.


Message History

d - 12 boomerangs (gained 4)
Items here: ))) [ †.
You start resting.
An adder comes into view.
The adder hisses angrily.
You hit the adder.
The adder is heavily wounded.
The adder bites you.
* * * LOW HITPOINT WARNING * * *
You miss the adder.
The adder is heavily wounded.
The adder closely misses you. The adder completely misses you.
You hit the adder.
The adder is heavily wounded.
The adder bites you but does no damage.
You closely miss the adder.
The adder is heavily wounded.
The adder bites you but does no damage. The adder bites you.
* * * LOW HITPOINT WARNING * * *
You closely miss the adder.
The adder is heavily wounded.
The adder bites you.
* * * LOW HITPOINT WARNING * * *
You are lethally poisoned!
The adder poisons you!
You closely miss the adder.
The adder is heavily wounded.
* * * LOW HITPOINT WARNING * * *
You feel sick. The adder bites you but does no damage.
The adder closely misses you.
You barely miss the adder.
The adder is heavily wounded.
* * * LOW HITPOINT WARNING * * *
You feel sick. The adder bites you.
* * * LOW HITPOINT WARNING * * *
You hit the adder.
The adder is severely wounded.
* * * LOW HITPOINT WARNING * * *
You feel sick. The adder bites you.
You die...

#.......#>####### ##
.........#..... ...
###.......## ....
#.###........# .....
#.......####.###......
#####..........ooZo...
#####......#.###..r...
#.......##.#S# #####
#.#####.##.#@#
#.##.#.# #....#.#
######.# #.# #.. ###


You could see an adder.

Vanquished Creatures
  A water moccasin skeleton (D:4)
  A hound (D:3)
  A bullfrog skeleton (D:4)
  An adder (D:3)
  A worm (D:3)
  A dart slug (D:2)
  3 orcs (D:4)
  2 ball pythons (D:1)
  4 bats
  8 endoplasms
  6 giant cockroaches
  6 goblins
  6 hobgoblins
  4 quokkas
  5 frilled lizards
  5 kobolds
  4 rats
59 creatures vanquished.

Notes
Turn   | Place    | Note
-------+----------+-------------------------------------------
     0 | Abyss:1  | horus123 the Demonspawn Abyssal Knight began the quest for
                  | the Orb.
     0 | Abyss:1  | Reached XP level 1. HP: 18/18 MP: 2/2
    85 | Abyss:1  | Noticed a thrashing horror
    91 | D:1      | Escaped the Abyss
   268 | D:1      | Reached skill level 1 in Dodging
   349 | D:1      | Gained mutation: You have sharp fingernails. [demonic
                  | ancestry]
   349 | D:1      | Reached XP level 2. HP: 21/24 MP: 3/3
   535 | D:1      | Found a faded altar of an unknown god.
   940 | D:1      | Reached * piety under Lugonu
  1326 | D:1      | Reached XP level 3. HP: 27/29 MP: 5/5
  2178 | D:3      | Found Immag's Weapon Shoppe.
  2598 | D:3      | Reached XP level 4. HP: 21/35 MP: 6/6
  2728 | D:3      | Reached ** piety under Lugonu
  3369 | D:3      | Found a runed translucent door.
  3374 | D:3      | Noticed vvl's ghost (amateur DrTm)
  3804 | D:4      | Reached XP level 5. HP: 29/41 MP: 7/7
  3864 | D:4      | HP: 2/41 [adder (2)]
  3865 | D:4      | Slain by an adder

Illustrated notes

Levels and vault maps discovered:
D:1:      wheals_arrival_shading, layout_basic,
          hellmonk_ecumenical_altar_pennies_from_heaven
D:2:      layout_rooms, minivault_23
D:3:      layout_basic, ebering_ghost_sewer_d, serial_shops,
          nicolae_shop_waterfront, kennysheep_generic_room_13
D:4:      layout_basic, minmay_hedge_maze, minmay_distorted, uniq_blork_the_orc,
          uniq_crazy_yiuf_cottage

Skill      XL: |  1  2  3 |
---------------+----------+-----
Dodging        | 1 |  1.5
Armour         | 2 |  2.3
Axes           | 2 3 |  3.8
Invocations    | 3 |  3.5
Fighting       | |  3.6
Stealth        | |  0.1

Action                   |  1- 3 |  4- 6 || total
-------------------------+-------+-------++-------
Melee: Hand axe          |   122 |    60 ||   182
Invok: Depart the Abyss  |     1 |       ||     1
  Use: Scroll            |     7 |     2 ||     9
Armor: Leather armour    |    33 |    18 ||    51
Dodge: Dodged            |    90 |    24 ||   114
